AoeStats
← CNZS_98T

MegaRandom

508475401Analyzed
4v4 RM · 9d ago on Sep 22, 2026· 23m 56s· 8 players
Game mode
Random Map
Map size
Large (8 player)
Population
200
Speed
Normal
Resources
Standard
Victory
Conquest
Starting age
Dark Age
Ending age
Imperial Age
RankedLock teamsTeams togetherTeam positionsShared explorationLock speedFull tech treeHidden civsTurbo modeCheats
Victory
Defeat
🇳🇱 Saxons · Netherlands
1964
+15
🇨🇳 Saxons · China
1956
+15
🇨🇳 Saxons · China
1935
+16
🇮🇳 Saxons · India
1934
+16
🇨🇳 Saxons · China
2012
-18
🇨🇳 Varangians · China
1993
-18
🇨🇳 Varangians · China
1880
-13
🇨🇳 Vietnamese · China
1872
-13
RTMaxwell
6:18 Loom
8:24 Feudal Age
9:01 Double-Bit Axe
9:10 Horse Collar
18:03 Castle Age
17:19 Bloodlines
17:41 Scale Barding Armor
18:04 Light Cavalry
19:03 Husbandry
20:08 Gold Mining
22:33 Chain Barding Armor
qingchen3457
8:26 Loom
12:41 Feudal Age
13:12 Double-Bit Axe
19:15 Castle Age
18:35 Padded Archer Armor
18:44 Fletching
CNZS_CC
5:54 Loom
10:16 Feudal Age
10:46 Double-Bit Axe
13:33 Fletching
16:39 Padded Archer Armor
22:58 Castle Age
HeavenlyChorus
9:27 Loom
11:31 Feudal Age
15:16 Castle Age
13:21 Double-Bit Axe
14:10 Horse Collar
15:23 Scale Barding Armor
15:49 Light Cavalry
19:49 Bloodlines
DK2
10:35 Feudal Age
14:27 Castle Age
13:26 Double-Bit Axe
17:07 Loom
18:24 Husbandry
18:51 Forging
20:52 Scale Barding Armor
23:10 Wheelbarrow
22:17 Horse Collar
24:00 Bloodlines
CNZS_98T
6:47 Loom
9:22 Feudal Age
11:33 Fletching
20:55 Castle Age
19:01 Horse Collar
19:15 Gold Mining
21:00 Wheelbarrow
20:24 Double-Bit Axe
20:58 Crossbowman
21:35 Bodkin Arrow
22:56 Bow Saw
_LY_Yo
8:22 Loom
10:23 Feudal Age
14:10 Castle Age
12:34 Double-Bit Axe
13:25 Horse Collar
17:39 Scale Mail Armor
24:13 Squires
24:12 Town Watch
_LY_lyx
3:47 Loom
12:22 Feudal Age
13:06 Double-Bit Axe
13:02 Horse Collar
14:17 Padded Archer Armor
14:37 Fletching
23:58 Castle Age
23:21 Gold Mining
Connection lost

Rejoining the realm…

Still unreachable

The connection could not be restored.

Session expired

The server has moved on; the page needs a fresh start.